 Dungeon Crawl Stone Soup version 0.20-a0-1017-gc3250ce (webtiles) character file.

51579 dvd the Frost Mage (level 14, -2/116 HPs)
             Began as a White Draconian Ice Elementalist on Apr 16, 2017.
             Was a High Priest of Ashenzari.
             Slain by an ettin
             ... wielding a +0 dire flail
              (24 damage)
             ... on level 13 of the Dungeon.
             The game lasted 01:24:11 (23031 turns).

dvd the Frost Mage (DrIE)                          Turns: 23031, Time: 01:24:12

Health: -2/116     AC: 22    Str: 10    XL:     14   Next: 24%
Magic:  28/28      EV: 20    Int: 19    God:    Ashenzari [*****.]
Gold:   1733       SH:  5    Dex: 17    Spells: 12/33 levels left

rFire    + + .     SeeInvis +   d - +6 long sword (vamp) (curse)
rCold    + . .     Gourm    .   I - +0 buckler {reflect} (curse)
rNeg     . . .     Faith    .   (armour unavailable)
rPois    +         Spirit   .   (helmet restricted)
rElec    +         Reflect  +   P - +0 cloak (curse)
rCorr    .         Harm     .   u - +2 pair of gloves (curse)
MR       ++...     Clarity  +   L - +0 pair of boots (curse)
Stlth    +++++.....             W - amulet of magic regeneration (curse)
Regen    0.3/turn               T - ring "Ijeibruz" {rElec rF+ Dex+3 Stlth+} (curse)
MPRegen  0.4/turn               s - ring of poison resistance (curse)

@: icy armour, about to teleport, slow
A: breathe frost, unfitting armour, stinger 1, cold resistance 1, fire
resistance 1, magic resistance 1, cold-blooded, AC +8
a: Breathe Frost, Curse Item, Scrying, Transfer Knowledge, Renounce Religion


You were on level 13 of the Dungeon.
You worshipped Ashenzari.
Ashenzari was extremely pleased with you.
You were hungry.

You visited 3 branches of the dungeon, and saw 18 of its levels.
You also visited: Ossuary and Ice Cave.

You collected 1733 gold pieces.

Inventory:

Hand Weapons
 d - a cursed +6 vampiric long sword (weapon)
Armour
 u - a cursed +2 pair of gloves (worn)
 I - a cursed +0 buckler of reflection (worn)
 L - a cursed +0 pair of boots (worn)
 P - a cursed +0 cloak (worn)
Jewellery
 e - the amulet "Hierhiok" {Gourm rC+ Int-5 SInv Stlth+}
   (You took it off a centaur on level 12 of the Dungeon)

   [amulet of the gourmand]

   It allows you to eat raw meat even when not hungry.
   It affects your intelligence (-5).
   It protects you from cold.
   It lets you see invisible.
   It makes you more stealthy.
 s - a cursed ring of poison resistance (right hand)
 T - the cursed ring "Ijeibruz" (left hand) {rElec rF+ Dex+3 Stlth+}
   (You found it in an ice cave)

   [ring of dexterity]

   It affects your dexterity (+3).
   It protects you from fire.
   It insulates you from electricity.
   It makes you more stealthy.
   It has a curse placed upon it.
 V - an uncursed amulet of regeneration
 W - a cursed amulet of magic regeneration (around neck)
Wands
 c - a wand of digging (17/24)
 i - a wand of iceblast (5/15)
 k - a wand of disintegration (5/24)
 w - a wand of digging (8/24)
 y - a wand of paralysis (15/24)
 B - a wand of disintegration (12/24)
 H - a wand of paralysis (11/24)
 K - a wand of flame (32/48)
 Q - a wand of flame (24/48)
 R - a wand of paralysis (6/24)
Scrolls
 f - 3 scrolls of teleportation
 g - a scroll of recharging
 h - a scroll of fear
 j - a scroll of remove curse
 q - 10 scrolls of identify
 G - 4 scrolls of amnesia
 J - a scroll of magic mapping
Potions
 n - 3 potions of flight
 t - 3 potions of lignification
 v - a potion of might
 x - a potion of berserk rage
 z - 2 potions of brilliance
 A - a potion of magic
 C - 2 potions of curing
 D - a potion of haste
Books
 a - a book of Frost

   Spells                             Type                      Level
   a - Freeze                         Ice                          1
   b - Throw Frost                    Conjuration/Ice              2
   c - Ozocubu's Armour               Charms/Ice                   3
   d - Throw Icicle                   Conjuration/Ice              4
   e - Summon Ice Beast               Ice/Summoning                4
 r - a book of Conjurations

   Spells                             Type                      Level
   a - Magic Dart                     Conjuration                  1
   b - Searing Ray                    Conjuration                  2
   c - Dazzling Spray                 Conjuration/Hexes            3
   d - Fulminant Prism                Conjuration/Hexes            4
   e - Force Lance                    Conjuration/Translocation    4
   f - Iskenderun's Mystic Blast      Conjuration                  4
Comestibles
 b - 10 bread rations
 p - 5 meat rations
 E - 13 fruits
 O - 3 royal jellies


   Skills:
 + Level 8.4 Fighting
   Level 5.5(9.2) Short Blades
 + Level 11.3(15.3) Long Blades
 + Level 8.2(10.8) Dodging
 + Level 5.1(7.8) Stealth
 + Level 2.2(4.3) Shields
 + Level 0.6 Unarmed Combat
 + Level 10.4 Spellcasting
 + Level 6.6(10.7) Conjurations
 + Level 5.3(9.3) Charms
 + Level 2.4(5.6) Summonings
 + Level 13.0(16.6) Ice Magic
 + Level 0.6(2.4) Evocations


You had 12 spell levels left.
You knew the following spells:

 Your Spells              Type           Power        Failure   Level  Hunger
a - Force Lance           Conj/Tloc      ####....     10%         4    ##.....
b - Throw Frost           Conj/Ice       ######       1%          2    None
c - Ozocubu's Armour      Chrm/Ice       ######..     1%          3    None
d - Throw Icicle          Conj/Ice       ######..     1%          4    ##.....
e - Summon Ice Beast      Ice/Summ       ######..     1%          4    ##.....
f - Iskenderun's Mystic   Conj           ######..     1%          4    ##.....


Dungeon Overview and Level Annotations

Branches:
Dungeon (13/15)            Temple (1/1) D:4            Lair (4/6) D:9
  Swamp (0/4) Lair:3        Snake (0/4) Lair:4          Orc (0/2) D:11
 Vaults: D:13-14

Altars:
Ashenzari
Cheibriados
Dithmenos
Elyvilon
Fedhas
Gozag
Hepliaklqana
Kikubaaqudgha
Makhleb
Nemelex Xobeh
Okawaru
Qazlal
Ru
Sif Muna
Trog
Uskayaw
Vehumet
Wu Jian
Xom
Yredelemnul
Zin
The Shining One

Shops:
D:6 !   D:8 (


Innate Abilities, Weirdness & Mutations

You can breathe waves of freezing cold.
You can buffet flying creatures when you breathe cold.
Your icy white scales are hard. (AC +8)
You cannot fit into any form of body armour.
Your flesh is cold resistant. (rC+)
You are cold-blooded and may be slowed by cold attacks.
Your tail ends in a poisonous barb.
Your flesh is heat resistant. (rF+)
You are resistant to hostile enchantments. (MR+)


Message History

The centaur wields an uncursed shortbow.
The centaur shoots an arrow.
The arrow hits you but does no damage.
Items here: $ ( ) | † an uncursed staff of power; a +0 shortbow; 16 arrows; 15 gold pieces a centaur corpse You hit the ettin but do no damage.
The ettin closely misses you. The ettin hits you with a dire flail!!!
You hit the ettin.
You feel better.
The ettin is lightly wounded.
The ettin closely misses you. The ettin completely misses you.
Unknown command.
As you read the scroll of teleportation, it crumbles to dust.
You feel strangely unstable. The ettin hits you with a dire flail!!!
* * * LOW HITPOINT WARNING * * *
You block the ettin's attack.
Unknown command.
The ettin completely misses you.
You riposte.
You completely miss the ettin.
The ettin is lightly wounded.
The ettin hits you with a dire flail!!
You die...

.†...#*,, ,,, ,,.#
#.# .....# ** ###∆*
.#**** #<#
.....#*,,,#..,* *..,
* * #.#
.....######.#####.#*
* *
.....##...#.#.(.#.#
* * , **
....(...###.#.#)#.#
*, , , .
.....##.......#.(.#
, ****
###'############(##
, ....# ###@# *
##### #cC|# * ######
#######c#### * *
.....# #.....cs{.{#
* , ** **
...>.###<)........#
* , ',,,*
.....#.'..........#
* ,,
.....'.#..........#
, * ,, *
...(.###..........#
, * , * #'####
#.......≈≈.+ ** ' **
*,


You could see an ettin, 3 centaurs and a scorpion.

Vanquished Creatures
  Kirke (Lair:4)
  An ettin (D:13)
  Snorg (Lair:4)
  A fire dragon (D:13)
  Erolcha (D:13)
  Harold (D:10)
  4 hydras
  2 ice dragons (IceCv)
  3 centaur warriors (D:13)
  Erica (Lair:1)
  2 two-headed ogres
  A tengu warrior (D:13)
  A death yak (Lair:2)
  Nergalle (Lair:3)
  Pikel (D:5)
  A cyclops (D:12)
  An ugly thing (D:11)
  A manticore (D:13)
  A deep elf mage (D:12)
  2 elephants (Lair:4)
  A torpor snail (Lair:2)
  2 ice statues (IceCv)
  Psyche (D:10)
  A gargoyle (D:12)
  4 spiny frogs
  3 rime drakes
  3 komodo dragons
  A kobold demonologist (D:12)
  A hornet (D:12)
  2 trolls (D:13)
  A merfolk (D:9)
  9 blink frogs
  A meliai zombie (D:13)
  Grinder (D:5)
  A slime creature (D:13)
  7 hippogriffs
  Sigmund (D:5)
  36 yaks
  A vampire (D:10)
  2 basilisks
  A hungry ghost (D:8)
  6 wyverns
  Grum (D:11)
  A steam dragon (Lair:4)
  3 nagas (Lair:4)
  9 water moccasins
  A floating eye (shapeshifter) (D:13)
  A hornet zombie (D:9)
  9 porcupines
  23 ice beasts
  A sky beast (D:7)
  A slave (D:5)
  9 orc warriors
  4 necrophages
  6 ogres
  A phantom (D:9)
  9 wolves
  10 centaurs
  6 crocodiles
  2 big kobolds
  19 bullfrogs
  2 wyvern skeletons
  14 scorpions
  11 killer bees
  3 howler monkeys
  4 electric eels
  13 wights
  3 crimson imps
  4 hounds
  2 bullfrog zombies
  6 centaur zombies
  2 bullfrog skeletons
  A human zombie (Ossuary)
  7 orc priests
  5 jellies
  7 orc wizards
  2 iguanas
  10 worker ants
  5 big kobold zombies (Ossuary)
  A bullfrog simulacrum (D:13)
  A hound zombie (D:5)
  2 hound skeletons
  3 mummies (Ossuary)
  A howler monkey skeleton (D:6)
  3 gnolls (D:7)
  A scorpion zombie (Ossuary)
  13 adders
  4 river rats (D:7)
  2 shadow imps
  An ooze (D:1)
  A worm (D:3)
  4 dart slugs
  8 leopard geckos
  72 orcs
  5 giant cockroaches
  A gnoll zombie (Ossuary)
  16 goblins
  13 hobgoblins
  9 jackals
  5 quokkas
  A ball python (D:3)
  11 bats
  8 frilled lizards
  5 goblin zombies
  2 hobgoblin zombies (Ossuary)
  A jackal skeleton (D:7)
  18 kobolds
  3 orc zombies (Ossuary)
  2 quokka zombies (D:5)
  6 rats
  4 plants
558 creatures vanquished.

Vanquished Creatures (collateral kills)
  A hydra (Lair:1)
  A centaur warrior (D:13)
  A black mamba (Lair:4)
  A blink frog (Lair:2)
  A polar bear (Lair:2)
  A yak (Lair:4)
  A hog (Lair:4)
  A soldier ant (D:13)
  2 water moccasins
  An ice beast (IceCv)
  3 crocodiles (D:9)
  4 bullfrogs
  3 orc wizards
  An iguana (D:10)
  A worm (shapeshifter) (D:13)
  3 orcs
26 creatures vanquished.

Vanquished Creatures (others)
  4 humans (Lair:4)
  An orc wizard (D:11)
  An orc (D:5)
  6 fungi
  7 plants
19 creatures vanquished.

Grand Total: 603 creatures vanquished

Notes
Turn   | Place    | Note
-------+----------+-------------------------------------------
     0 | D:1      | dvd the Draconian Ice Elementalist began the quest for the Orb.
     0 | D:1      | Reached XP level 1. HP: 14/14 MP: 3/3
   202 | D:1      | Reached XP level 2. HP: 12/20 MP: 0/5
   323 | D:1      | Learned a level 2 spell: Throw Frost
   779 | D:1      | Reached XP level 3. HP: 26/26 MP: 3/6
   942 | D:1      | Learned a level 3 spell: Ozocubu's Armour
  1651 | D:2      | Reached skill level 4 in Ice Magic
  1935 | D:2      | Reached XP level 4. HP: 24/33 MP: 6/8
  3001 | D:3      | Reached XP level 5. HP: 30/39 MP: 0/9
  3429 | D:3      | Reached skill level 1 in Short Blades
  3859 | D:3      | Reached skill level 1 in Fighting
  4120 | D:3      | Reached XP level 6. HP: 47/47 MP: 11/11
  4265 | D:4      | Found a staircase to the Ecumenical Temple.
  4863 | D:4      | Learned a level 4 spell: Throw Icicle
  5024 | Temple   | Entered the Ecumenical Temple
  5217 | Temple   | Became a worshipper of Ashenzari the Shackled
  5274 | D:5      | Entered Level 5 of the Dungeon
  5274 | D:5      | Noticed Grinder
  5281 | D:5      | Paralysed by Grinder for 2 turns
  5293 | D:5      | Killed Grinder
  5293 | D:5      | Reached skill level 5 in Ice Magic
  5293 | D:5      | Your scales start taking on an icy white colour.
  5293 | D:5      | Reached skill level 6 in Ice Magic
  5293 | D:5      | Reached XP level 7. HP: 44/52 MP: 5/13
  5293 | D:5      | Gained mutation: Your flesh is cold resistant. (rC+) [White Draconian growth]
  5311 | D:5      | Reached skill level 1 in Charms
  5506 | D:5      | Reached skill level 7 in Ice Magic
  5586 | D:5      | Noticed Sigmund
  5979 | D:6      | Found a blossoming altar of Fedhas.
  6148 | D:6      | Found Sujur's Distillery.
  6310 | D:6      | Reached * piety under Ashenzari
  6421 | D:6      | Reached XP level 8. HP: 52/61 MP: 1/15
  6809 | D:5      | Killed Sigmund
  6809 | D:5      | Reached skill level 5 in Spellcasting
  7167 | D:5      | Noticed Pikel
  7209 | D:5      | Killed Pikel
  7209 | D:5      | Reached skill level 8 in Ice Magic
  7561 | D:7      | Reached XP level 9. HP: 65/68 MP: 10/17
  7565 | D:7      | Found a radiant altar of Vehumet.
  7718 | D:7      | Found an ornate altar of the Wu Jian Council.
  7823 | D:7      | Found a sand-covered staircase.
  7879 | Ossuary  | Entered an ossuary
  8050 | Ossuary  | Reached skill level 1 in Long Blades
  9026 | D:8      | Got the uncursed robe of Imperfection {Dex+6}
  9090 | D:8      | Reached skill level 9 in Ice Magic
  9137 | D:8      | Found Qozepn's Antique Weapon Emporium.
  9340 | D:8      | Reached ** piety under Ashenzari
  9353 | D:8      | Reached skill level 5 in Fighting
  9353 | D:8      | Reached skill level 5 in Short Blades
  9353 | D:8      | Reached skill level 5 in Long Blades
  9353 | D:8      | Reached skill level 5 in Dodging
  9353 | D:8      | Reached skill level 10 in Ice Magic
  9353 | D:8      | Reached XP level 10. HP: 81/81 MP: 19/21
  9354 | D:8      | Gained mutation: Your tail ends in a poisonous barb. [potion of mutation]
  9354 | D:8      | Gained mutation: You are resistant to hostile enchantments. (MR+) [potion of mutation]
  9354 | D:8      | Gained mutation: Your flesh is heat resistant. (rF+) [potion of mutation]
 10096 | D:8      | Noticed a two-headed ogre
 10106 | D:8      | Killed a two-headed ogre
 10106 | D:8      | Reached XP level 11. HP: 63/88 MP: 8/22
 10189 | D:8      | Learned a level 4 spell: Summon Ice Beast
 11102 | D:9      | Found a staircase to the Lair.
 12092 | Lair:1   | Entered Level 1 of the Lair of Beasts
 12665 | Lair:1   | Reached skill level 11 in Ice Magic
 12814 | Lair:1   | Noticed a seven-headed hydra
 12822 | Lair:1   | Killed a seven-headed hydra
 12822 | Lair:1   | Reached skill level 5 in Conjurations
 12822 | Lair:1   | Reached skill level 1 in Summonings
 13101 | Lair:1   | Noticed Erica
 13118 | Lair:1   | Killed Erica
 13585 | Lair:1   | Learned a level 4 spell: Iskenderun's Mystic Blast
 13612 | Lair:2   | Reached XP level 12. HP: 79/96 MP: 17/24
 13973 | Lair:2   | Reached *** piety under Ashenzari
 14108 | Lair:2   | Noticed a death yak
 14124 | Lair:2   | Killed a death yak
 14908 | Lair:3   | Identified the +2 fustibalus of the Throat {flame, rF+ Str+3}
 15239 | Lair:3   | Noticed a five-headed hydra
 15245 | Lair:3   | Killed a five-headed hydra
 15377 | Lair:3   | Found a staircase to the Swamp.
 15418 | Lair:3   | Noticed Nergalle
 15431 | Lair:3   | Killed Nergalle
 15761 | Lair:4   | Identified a scroll of acquirement
 15827 | Lair:4   | Noticed an eight-headed hydra
 15848 | Lair:4   | Killed an eight-headed hydra
 15848 | Lair:4   | Reached skill level 12 in Ice Magic
 15974 | Lair:4   | Found a staircase to the Snake Pit.
 15980 | Lair:4   | Noticed Kirke
 16154 | Lair:4   | Killed Kirke
 16807 | Lair:4   | Reached XP level 13. HP: 104/104 MP: 16/26
 16808 | Lair:4   | Reached skill level 1 in Shields
 16907 | Lair:4   | Noticed Snorg
 16921 | Lair:4   | Killed Snorg
 16937 | Lair:4   | Reached **** piety under Ashenzari
 17483 | D:10     | Entered Level 10 of the Dungeon
 17760 | D:10     | Reached skill level 10 in Spellcasting
 18096 | D:10     | Noticed Harold
 18114 | D:10     | Killed Harold
 18213 | D:10     | Noticed Psyche
 18219 | D:10     | Killed Psyche
 18912 | D:11     | Reached skill level 10 in Long Blades
 19004 | D:11     | Reached skill level 5 in Charms
 19036 | D:11     | Found a staircase to the Orcish Mines.
 19221 | D:11     | Noticed Grum
 19269 | D:11     | Killed Grum
 19847 | D:12     | Found a frozen archway.
 19954 | IceCv    | Entered an ice cave
 20458 | IceCv    | Identified the ring "Ijeibruz" {rElec rF+ Dex+3 Stlth+}
 21096 | D:12     | Identified the amulet "Hierhiok" {Gourm rC+ Int-5 SInv Stlth+} (You took it off a centaur on level 12 of the Dungeon)
 21303 | D:12     | Reached ***** piety under Ashenzari
 21966 | D:13     | Noticed an ettin
 21969 | D:13     | Noticed an ettin
 21970 | D:13     | Noticed an orc warlord
 22321 | D:13     | Reached skill level 5 in Stealth
 22330 | D:13     | Reached XP level 14. HP: 100/115 MP: 28/28
 22340 | D:13     | Learned a level 4 spell: Force Lance
 22345 | D:13     | Noticed Erolcha
 22353 | D:13     | Killed Erolcha
 22907 | D:13     | Reached skill level 13 in Ice Magic
 23020 | D:13     | Identified a ring of the Octopus King {AC+1 EV+1 Str+1 Int+1 Dex+1 SInv} (You took it off a centaur warrior on level 13 of the Dungeon)
 23031 | D:13     | Slain by an ettin

Vault maps used:
D:1:      evilmike_arrival_rings, serial_co_window_serial, co_window_paths_a,
          co_window_paths_b, co_window_corner_a, co_window_paths_b,
          co_window_corner_a, co_window_corner_a, co_window_of_opportunity_a,
          co_window_2corner, co_window_unsneaky_path_c, co_window_corner_ca,
          co_window_broadway_a
D:3:      cheibrodos_greedy_goblins
D:4:      minmay_temple_entry_grid, first_bread
D:5:      serial_bayou, serial_bayou_lake_a, serial_bayou_shore_a,
          serial_bayou_ford_a, serial_bayou_crossing, serial_bayou_lagoon_b,
          serial_bayou_lagoon_a, uniq_pikel, uniq_sigmund, uniq_grinder
D:6:      serial_shops, shop, fedhas_altar_1
D:7:      wad_woods_stonehenge, overflow_temple_1_default, enter_ossuary_4
D:8:      statuecave_lemuel, serial_shops,
          nicolae_shop_temple_entry_statues_fountains
D:9:      minmay_lair_entry_grove, minmay_misc_feat_more_columns,
          hangedman_fish_farm
D:10:     uniq_harold, uniq_psyche
D:11:     hiddenorc2_lemuel, uniq_grum
D:12:     portal_ice_cave_entry_ice_beasts, roderic_roman_lattice
D:13:     minmay_the_grid_2x2, uniq_erolcha
Temple:   minmay_crystal_snake_temple
Lair:1:   pond, lemuel_fruit_fields, infiniplex_staircase_pool, uniq_erica
Lair:3:   swamp_mist, uniq_nergalle
Lair:4:   minmay_snake_entry_guardpost_small, beast_lair_carwin_11, uniq_snorg,
          uniq_kirke
Ossuary:  ossuary_minmay_scorpions
IceCv:    ice_cave_small_dragons

Skill      XL: |  1  2  3  4  5  6  7  8  9 10 11 12 13 14 |
---------------+-------------------------------------------+-----
Dodging        | 2 3 4 5 6 7 8 |  8.2
Ice Magic      | 4 6 7 8 10 11 12 13 | 13.0
Stealth        | 2 3 5 |  5.1
Spellcasting   | 3 4 5 7 8 9 10 | 10.4
Short Blades   | 1 3 4 5 |  5.5
Fighting       | 1 2 5 6 8 |  8.4
Charms         | 1 2 3 4 5 |  5.3
Conjurations   | 2 4 5 6 |  6.6
Long Blades    | 5 7 9 11 | 11.3
Summonings     | 1 2 |  2.4
Shields        | 1 2 |  2.2
Unarmed Combat | |  0.6
Evocations     | |  0.6

Action                   |  1- 3 |  4- 6 |  7- 9 | 10-12 | 13-15 || total
-------------------------+-------+-------+-------+-------+-------++-------
Melee: Short sword       |    53 |   141 |   247 |    45 |       ||   486
       Tailslap          |       |    15 |    61 |    83 |   118 ||   277
       Falchion          |       |       |   164 |    11 |       ||   175
       Long sword        |       |       |       |   577 |   750 ||  1327
       Unarmed           |       |       |       |     4 |       ||     4
 Cast: Freeze            |    25 |    48 |    56 |    56 |     7 ||   192
       Throw Frost       |    13 |    29 |    26 |   102 |    26 ||   196
       Ozocubu's Armour  |       |    11 |    24 |    47 |    50 ||   132
       Throw Icicle      |       |       |     3 |    31 |    64 ||    98
       Summon Ice Beast  |       |       |       |    18 |    18 ||    36
       Iskenderun's Myst |       |       |       |     2 |    33 ||    35
       Force Lance       |       |       |       |       |     2 ||     2
Invok: Curse Item        |       |       |     2 |     3 |     3 ||     8
 Abil: Breathe Frost     |       |       |     8 |     6 |       ||    14
Evoke: Wand              |       |       |       |     5 |     4 ||     9
  Use: Potion            |       |     3 |     9 |     5 |     2 ||    19
       Scroll            |       |       |    12 |    10 |    10 ||    32
 Stab: Sleeping          |     2 |     3 |     2 |     4 |    15 ||    26
       Distracted        |       |       |     1 |       |     5 ||     6
  Eat: Chunk             |     4 |    12 |    10 |    35 |    21 ||    82
       Royal jelly       |       |       |     1 |       |     1 ||     2
       Meat ration       |       |       |     1 |     1 |       ||     2
Armor: Skin              |    20 |    67 |   158 |   258 |   203 ||   706
Dodge: Dodged            |    50 |    87 |   291 |   452 |   450 ||  1330
Block: Buckler           |       |       |       |    21 |   119 ||   140
       Rpst.: Falchion   |       |       |    46 |     1 |       ||    47
       Long sword        |       |       |       |   112 |   103 ||   215
